 Dungeon Crawl Stone Soup version 0.18.1-50-g88ac8fd (webtiles) character file.

10485 RudyRod the Covert (level 11, -32/103 HPs)
             Began as a Naga Fighter on Oct 12, 2016.
             Was the Champion of Cheibriados.
             Annihilated by an enormous slime creature (82 damage)
             ... on level 10 of the Dungeon.
             The game lasted 01:11:24 (13379 turns).

RudyRod the Covert (Naga Fighter)                  Turns: 13379, Time: 01:11:25

Health: -32/103    AC: 11    Str: 35    XL:     11   Next: 62%
Magic:  14/14      EV: 14    Int: 25    God:    Cheibriados [******]
Gold:   488        SH: 14    Dex: 26    Spells: 0 memorised, 10 levels left

rFire  x . .     SeeInvis +     A - +7 spear
rCold  + . .     Gourm    .     H - +0 mottled dragon armour
rNeg   . . .     Faith    .     c - +0 shield
rPois  +         Spirit   .     f - +2 hat
rElec  .         Dismiss  .     (no cloak)
rCorr  .         Reflect  .     h - +0 pair of gloves
SustAt +         Harm     .     (no barding)
MR     +....                    (no amulet)
Stlth  +++++.....               q - ring of sustain attributes
                                n - ring of ice

@: about to teleport, very slow, somewhat resistant to hostile enchantments,
quite stealthy
A: see invisible, deformed body, poison resistance, slowness 2, slow metabolism
1, spit poison 2, AC +3
a: Spit Poison, Bend Time, Temporal Distortion, Slouch, Step From Time, Renounce
Religion


You were on level 10 of the Dungeon.
You worshipped Cheibriados.
Cheibriados was exalted by your worship.
You were not hungry.

You visited 2 branches of the dungeon, and saw 12 of its levels.

You collected 575 gold pieces.
You spent 87 gold pieces at shops.

Inventory:

Hand Weapons
 A - a +7 spear (weapon)
Armour
 c - a +0 shield (worn)
 f - a +2 hat (worn)
 h - a +0 pair of gloves (worn)
 H - a +0 mottled dragon armour (worn)
Jewellery
 a - an uncursed amulet of rage
 n - a ring of ice (left hand)
 q - a ring of sustain attributes (right hand)
 D - an uncursed ring of resist corrosion
Wands
 u - a wand of flame (48/48)
 C - a wand of iceblast (9/15)
 I - a wand of digging (10/24)
 Q - a wand of polymorph (17/24)
Scrolls
 d - a scroll of brand weapon {unknown}
 e - 7 scrolls of identify
 g - a scroll of amnesia
 i - 5 scrolls of teleportation
 k - 3 scrolls of recharging
 m - 6 scrolls of remove curse
 t - a scroll of fear {unknown}
 v - a scroll of immolation {unknown}
 y - a scroll of enchant armour
 M - a scroll of noise {unknown}
 O - a scroll of random uselessness {unknown}
 S - 2 scrolls of magic mapping
Potions
 j - 2 potions of lignification {unknown}
 l - 2 potions of resistance {unknown}
 o - 4 potions of brilliance {unknown}
 p - 2 potions of flight
 s - 3 potions of cancellation {unknown}
 x - a potion of mutation {unknown}
 z - 6 potions of degeneration {unknown}
 F - 2 potions of heal wounds {unknown}
 G - 2 potions of agility {unknown}
 J - a potion of curing
 K - a potion of invisibility {unknown}
Miscellaneous
 w - a plain deck of summoning {Foxfire}
Comestibles
 r - 4 bread rations
 B - a meat ration
 N - 4 royal jellies
 P - 3 beef jerkies
 T - 2 slices of pizza
 W - 24 fruits


   Skills:
 + Level 7.8 Fighting
 + Level 7.4 Polearms
 + Level 6.2 Armour
 + Level 5.0 Dodging
 + Level 10.1 Stealth
 * Level 7.9 Shields
 * Level 4.0 Invocations


You had 10 spell levels left.
You didn't know any spells.

Dungeon Overview and Level Annotations

Branches:
Dungeon (11/15)            Temple (1/1) D:5            Lair (0/8) D:8
    Orc: D:9-12

Altars:
Ashenzari
Cheibriados
Dithmenos
Elyvilon
Fedhas
Gozag
Kikubaaqudgha
Makhleb
Nemelex Xobeh
Okawaru
Pakellas
Qazlal
Ru
Sif Muna
Trog
Vehumet
Xom
Yredelemnul
Zin
The Shining One

Shops:
D:7 (   D:10 :

Annotations:
D:11 Chiseanne's ghost, journeyman CeAE


Innate Abilities, Weirdness & Mutations

You cannot wear boots.
Your serpentine skin is tough (AC +3).
You have supernaturally acute eyesight.
Armour fits poorly on your strangely shaped body.
Your system is resistant to poisons.
You cover ground very slowly.
You have a slow metabolism.
You can spit poison.


Message History

You block the large slime creature's attack.
You puncture the slime creature!
The slime creature is almost dead.
You block the slime creature's attack.
Two slime creatures merge to form a very large slime creature.
You puncture the slime creature!
You kill the slime creature!
Cheibriados thoroughly appreciates the change of pace.
Two slime creatures merge to form an enormous slime creature.
The slime creature hits you. The slime creature hits you!
The enormous slime creature misses you. The slime creature hits you!
You puncture the slime creature!
The slime creature is moderately wounded.
The enormous slime creature hits you! The slime creature hits you.
Read which item? (? for menu, Esc to quit)
As you read the scroll of teleportation, it crumbles to dust.
You feel strangely unstable.
The enormous slime creature hits you!!!!
Ouch! That really hurt!
You die...

####.#(#.#.........##.########
#....#...#.........##.#
#.#...[.##.#######.##.#
#.#.###(JJ.#.....)..#.#
#........J.(.<#..#..#.#
...#...(..#.###..#..#.#
##.####...#...#..#....#
#...##.#####.#.J#.####
###.##.# #..J@...# #.##.#
######### #....# ######


You could see an enormous slime creature and a slime creature.

Vanquished Creatures
  An unseen horror (D:10)
  A two-headed ogre (D:9)
  A slime creature (D:10)
  2 wyverns
  A hungry ghost (D:11)
  2 hippogriffs
  9 yaks (D:9)
  A basilisk (D:10)
  3 mottled dragons
  A water moccasin (D:9)
  4 orc warriors
  4 sky beasts
  An eye of draining (D:6)
  5 phantoms
  4 ice beasts
  4 centaurs
  7 ogres
  6 giant frogs
  2 big kobolds
  A gnoll sergeant (D:11)
  A wyvern zombie (D:8)
  A wyvern skeleton (D:10)
  2 water moccasin skeletons
  6 scorpions
  21 killer bees
  7 wights (D:7)
  3 howler monkeys (D:10)
  A centaur zombie (D:7)
  7 crimson imps
  5 jellies
  2 giant frog zombies
  7 hounds
  5 orc priests
  14 orc wizards
  2 giant frog skeletons
  4 iguanas
  Terence (D:3)
  Ijyb (D:3)
  Natasha (thrice) (D:3)
  7 worker ants
  2 hound zombies
  A hound skeleton (D:8)
  2 worker ant zombies
  7 gnolls
  14 adders
  4 shadow imps
  3 oozes
  An adder skeleton (D:8)
  3 adder zombies
  4 worms
  3 dart slugs
  4 giant geckos
  40 orcs
  4 bats
  6 giant cockroaches
  4 hobgoblins
  12 jackals
  11 kobolds
  7 quokkas
  4 ball pythons
  A giant gecko skeleton (D:4)
  6 giant newts
  7 goblins
  A jackal skeleton (D:7)
  A quokka zombie (D:4)
  7 rats
319 creatures vanquished.

Vanquished Creatures (others)
  A sky beast (D:5)
1 creature vanquished.

Grand Total: 320 creatures vanquished

Notes
Turn   | Place    | Note
--------------------------------------------------------------
     0 | D:1      | RudyRod the Naga Fighter began the quest for the Orb.
     0 | D:1      | Reached XP level 1. HP: 21/21 MP: 1/1
   177 | D:1      | Reached XP level 2. HP: 26/28 MP: 2/2
   634 | D:1      | Reached XP level 3. HP: 28/34 MP: 3/3
  1169 | D:2      | Reached skill level 1 in Dodging
  1407 | D:2      | Found a burning altar of Makhleb.
  1413 | D:2      | Found an ancient bone altar of Kikubaaqudgha.
  1569 | D:2      | Reached XP level 4. HP: 42/42 MP: 4/4
  2290 | D:3      | Noticed Natasha
  2310 | D:3      | Killed Natasha
  2310 | D:3      | Reached XP level 5. HP: 24/49 MP: 5/5
  2505 | D:3      | Noticed Terence
  2525 | D:3      | Killed Terence
  2525 | D:3      | Reached skill level 1 in Stealth
  2723 | D:3      | Noticed Natasha
  2734 | D:3      | Killed Natasha
  2743 | D:3      | Noticed Natasha
  2748 | D:3      | Killed Natasha
  2748 | D:3      | Reached skill level 2 in Stealth
  2992 | D:3      | Noticed Ijyb
  2999 | D:3      | Killed Ijyb
  2999 | D:3      | Reached XP level 6. HP: 57/57 MP: 6/6
  3622 | D:4      | Reached skill level 3 in Stealth
  3622 | D:4      | Reached XP level 7. HP: 20/66 MP: 7/7
  4257 | D:5      | Entered Level 5 of the Dungeon
  4568 | D:5      | Reached skill level 4 in Stealth
  4643 | D:5      | Reached skill level 5 in Fighting
  4643 | D:5      | Reached XP level 8. HP: 58/74 MP: 8/8
  5038 | D:5      | Found a sparkling altar of Nemelex Xobeh.
  5293 | D:5      | Reached skill level 5 in Stealth
  5866 | D:5      | Found a staircase to the Ecumenical Temple.
  5876 | Temple   | Entered the Ecumenical Temple
  5980 | Temple   | Became a worshipper of Cheibriados the Contemplative
  6119 | D:6      | Reached skill level 5 in Polearms
  6230 | D:6      | Reached skill level 6 in Stealth
  6230 | D:6      | Reached XP level 9. HP: 83/84 MP: 9/9
  6253 | D:6      | Got a fine ring mail
  6254 | D:6      | Identified the cursed +0 ring mail "Turchuat" {rPois} (You found it on level 6 of the Dungeon)
  6404 | D:6      | Reached * piety under Cheibriados
  6663 | D:6      | Got a pair of twisted boots
  6664 | D:6      | Identified the +0 pair of boots of the Spheres {SInv} (You found it on level 6 of the Dungeon)
  6925 | D:6      | Reached skill level 7 in Stealth
  7089 | D:6      | Reached skill level 5 in Armour
  7446 | D:6      | Reached skill level 5 in Shields
  7496 | D:6      | Reached ** piety under Cheibriados
  7739 | D:7      | Reached skill level 8 in Stealth
  7784 | D:7      | Found Xawnut's Antique Weapon Shoppe.
  7837 | D:7      | Reached XP level 10. HP: 72/92 MP: 10/10
  7856 | D:7      | Bought a glowing trident for 87 gold pieces
  8317 | D:7      | Reached *** piety under Cheibriados
  9169 | D:8      | Reached skill level 9 in Stealth
  9175 | D:8      | Reached **** piety under Cheibriados
  9421 | D:8      | Got a colourful robe
  9538 | D:8      | Reached ***** piety under Cheibriados
  9748 | D:8      | Found a staircase to the Lair.
 10192 | D:9      | Reached skill level 1 in Invocations
 10729 | D:9      | Reached XP level 11. HP: 97/100 MP: 12/12
 11116 | D:10     | Entered Level 10 of the Dungeon
 11298 | D:10     | Found Cutsyf's Book Boutique.
 11319 | D:10     | Noticed an unseen horror
 11336 | D:10     | Killed an unseen horror
 11336 | D:10     | Reached skill level 10 in Stealth
 11362 | D:10     | Reached ****** piety under Cheibriados
 12527 | D:11     | Noticed Chiseanne's ghost (journeyman CeAE)
 12574 | D:11     | Reached skill level 5 in Dodging
 13379 | D:10     | Annihilated by an enormous slime creature

Skill      XL: |  1  2  3  4  5  6  7  8  9 10 11 |
---------------+----------------------------------+-----
Dodging        | 1 2 3 4 5 |  5.0
Polearms       | 3 4 5 6 7 |  7.4
Shields        | 3 4 5 7 |  7.9
Stealth        | 2 3 4 6 8 9 10 | 10.1
Armour         | 3 4 5 6 |  6.2
Fighting       | 4 5 6 7 |  7.8
Invocations    | 1 4 |  4.0

Action                   |  1- 3 |  4- 6 |  7- 9 | 10-12 || total
-------------------------+-------+-------+-------+-------++-------
Melee: Trident           |   108 |   149 |   190 |       ||   447
       Spear             |       |       |   244 |   686 ||   930
Invok: Bend Time         |       |       |       |     2 ||     2
 Abil: Spit Poison       |    23 |    30 |    43 |    19 ||   115
  Use: Scroll            |       |     8 |     7 |     5 ||    20
       Potion            |       |       |     7 |     1 ||     8
 Stab: Sleeping          |       |       |    10 |    21 ||    31
       Distracted        |       |       |       |     5 ||     5
  Eat: Bread ration      |     1 |       |     1 |       ||     2
       Chunk             |       |     2 |     9 |     2 ||    13
       Meat ration       |       |     1 |       |     2 ||     3
       Pizza             |       |       |     1 |       ||     1
Armor: Scale mail        |    42 |    47 |   137 |   166 ||   392
       Mottled dragon ar |       |       |       |    27 ||    27
Dodge: Dodged            |    24 |    34 |    91 |   233 ||   382
Block: Shield            |    52 |    64 |   171 |   450 ||   737
